 Dungeon Crawl Stone Soup version 0.19-a0-1821-g42c593c (webtiles) character file.

4181 KarmaPolice the Archer (level 10, -2/66 HPs)
             Began as a High Elf Skald on Oct 6, 2016.
             Was a Believer of Qazlal.
             Slain by an orc
             ... wielding a cursed +0 hand axe
              (6 damage)
             ... on level 9 of the Dungeon.
             The game lasted 00:25:03 (9978 turns).

KarmaPolice the Archer (High Elf Skald)             Turns: 9978, Time: 00:25:03

Health: -2/66      AC: 11    Str: 14    XL:     10   Next: 8%
Magic:  19/25      EV: 11    Int: 16    God:    Qazlal [**....]
Gold:   605        SH:  2    Dex: 16    Spells: 3 memorised, 8 levels left

rFire  + . .     SeeInvis .     y - +2 short sword (drain)
rCold  . . .     Gourm    .     w - +4 ring mail
rNeg   . . .     Faith    .     (no shield)
rPois  .         Spirit   .     (no helmet)
rElec  .         Dismiss  .     t - +0 cloak
rCorr  .         Reflect  .     (no gloves)
MR     +....     Harm     .     (no boots)
Stlth  +.........               (no amulet)
                                E - ring of protection from fire
                                u - ring of magical power

@: lethally poisoned (-2 -> -5), shrouded (expiring), infused
A: no striking features
a: Upheaval, Renounce Religion


You were on level 9 of the Dungeon.
You worshipped Qazlal.
Qazlal was pleased with you.
You were not hungry.

You visited 1 branch of the dungeon, and saw 9 of its levels.

You collected 605 gold pieces.

Inventory:

Hand Weapons
 a - a +0 falchion
 y - a +2 short sword of draining (weapon)
 M - a +0 shortbow
 U - a +2 rapier of flaming
Missiles
 N - 55 arrows
Armour
 b - a +0 leather armour
 t - a +0 cloak (worn)
 w - a +4 ring mail (worn)
Jewellery
 q - an uncursed ring of flight
 u - a ring of magical power (left hand)
 E - a ring of protection from fire (right hand)
 V - an uncursed amulet of guardian spirit {unknown}
Wands
 O - a wand of lightning (9/15)
 R - a wand of iceblast (3/15)
 S - a wand of teleportation (5/9)
Scrolls
 e - a scroll of immolation {unknown}
 f - a scroll of noise {unknown}
 i - 3 scrolls of enchant armour
 j - 3 scrolls of teleportation {unknown}
 p - 4 scrolls of blinking {unknown}
 r - 5 scrolls of identify {unknown}
 s - a scroll of amnesia
 A - a scroll of brand weapon {unknown}
 F - 3 scrolls of recharging {unknown}
 H - a scroll of torment {unknown}
 I - 2 scrolls of magic mapping {unknown}
 K - 2 scrolls of remove curse
 P - a scroll of silence {unknown}
Potions
 g - a potion of ambrosia
 k - 2 potions of curing {unknown}
 l - a potion of cancellation {unknown}
 n - a potion of might {unknown}
 o - a potion of haste {unknown}
 v - a potion of brilliance {unknown}
 x - 2 potions of cure mutation {unknown}
 z - a potion of mutation {unknown}
 D - 2 potions of resistance {unknown}
 G - a potion of magic {unknown}
 J - 2 potions of flight {unknown}
 L - a potion of lignification {unknown}
Books
 c - a book of Battle

   Spells                             Type                      Level
   a - Infusion                       Charms                       1
   b - Shroud of Golubria             Charms/Translocation         2
   c - Song of Slaying                Charms                       2
   d - Spectral Weapon                Hexes/Charms                 3
   e - Regeneration                   Charms/Necromancy            3
 B - a book of Misfortune

   Spells                             Type                      Level
   a - Confusing Touch                Hexes                        1
   b - Confuse                        Hexes                        3
   c - Gell's Gravitas                Hexes/Translocation          3
   d - Petrify                        Transmutation/Earth          4
   e - Metabolic Englaciation         Hexes/Ice                    5
   f - Yara's Violent Unravelling     Hexes/Transmutation          5
 W - a book of Maledictions

   Spells                             Type                      Level
   a - Corona                         Hexes                        1
   b - Ensorcelled Hibernation        Hexes/Ice                    2
   c - Confuse                        Hexes                        3
   d - Tukima's Dance                 Hexes                        3
   e - Dazzling Spray                 Conjuration/Hexes            3
Comestibles
 d - 6 bread rations
 h - 14 fruits
 m - 3 meat rations
 C - 6 beef jerkies
 T - 7 slices of pizza


   Skills:
 + Level 5.4 Fighting
 - Level 1.2(4.5) Short Blades
 + Level 7.0(7.1) Long Blades
 - Level 8.8 Bows
 - Level 7.0 Armour
 - Level 1.1 Dodging
 + Level 2.8 Spellcasting
 - Level 2.4 Hexes
 - Level 3.6 Charms
 + Level 6.9 Invocations


You had 8 spell levels left.
You knew the following spells:

 Your Spells              Type           Power        Failure   Level  Hunger
a - Infusion              Chrm           ##..         10%         1    #......
b - Shroud of Golubria    Chrm/Tloc      #.........   24%         2    ##.....
c - Confuse               Hex            #.......     38%         3    ###....


Dungeon Overview and Level Annotations

Branches:
Dungeon (9/15)             Temple (0/1) D:7            Lair (0/6) D:9
    Orc: D:9-12

Altars:
Cheibriados
Dithmenos
Fedhas
Gozag
Qazlal
Ru
Sif Muna
Trog
Vehumet
Xom
Zin
The Shining One

Shops:
D:3 *   D:4 %


Message History

You feel sick.
The orc priest invokes the aid of Beogh against you.
Beogh smites you!
* * * LOW HITPOINT WARNING * * *
Your magical contamination has completely faded away.
Your shroud begins to fray at the edges.
The orc priest mumbles some strange prayers to Beogh against you.
Beogh smites you!
* * * LOW HITPOINT WARNING * * *
Your shroud bends the orc's attack away.
You hit the orc priest! You drain the orc priest!
The orc priest is almost dead.
* * * LOW HITPOINT WARNING * * *
You feel sick.
All of the chunks of flesh in your inventory have rotted away.
You hit the orc priest.
You kill the orc priest!
Qazlal accepts your kill. The orc hits you with a hand axe.
You die...

..........##.# #..#
.###.##...##.# ###..# ##
#.#######.# #....# #
#.#######.# #.##.#
####...>.....###.##.####
..............##.##....#
###..#######...#.#####.########
###..# #...§o..##.........#
.)...# #...#@#.##..######÷#
.#...# #####o#.##..# #.# ....##
#.......# #.# #.#.# #<#.###.#
#.# .#..# #.#.# #.# #.# ###.##
#.#)# #.# #.# # ##.# #.#.#
#.#### #.# ###.## #...#
#....###.### .#.## #.#.#
###...##...#


You could see an orc wizard and an orc.

Vanquished Creatures
  A troll (D:9)
  2 hippogriffs
  A yak (D:8)
  3 hogs
  A human (D:8)
  2 hell hounds (D:9)
  2 sky beasts
  An ice beast (D:5)
  An orc warrior (D:8)
  A black bear (D:6)
  4 ogres
  A centaur (D:6)
  5 bullfrogs
  A howler monkey (D:8)
  7 crimson imps
  A bullfrog zombie (D:8)
  A centaur zombie (D:9)
  3 hounds
  A jelly (D:6)
  A bullfrog skeleton (D:5)
  5 orc priests
  2 quasits (D:8)
  A centaur skeleton (D:8)
  2 iguanas
  10 worker ants
  12 orc wizards
  A hound zombie (D:8)
  A hound skeleton (D:4)
  4 adders
  A shadow imp (D:5)
  An ooze (D:3)
  An adder skeleton (D:6)
  2 worms
  A dart slug (D:2)
  2 leopard geckos
  16 orcs
  7 bats
  11 giant cockroaches
  11 goblins
  4 hobgoblins
  11 jackals
  A ball python (D:2)
  3 frilled lizards
  5 kobolds
  10 rats
165 creatures vanquished.

Notes
Turn   | Place    | Note
-------+----------+-------------------------------------------
     0 | D:1      | KarmaPolice the High Elf Skald began the quest for the Orb.
     0 | D:1      | Reached XP level 1. HP: 14/14 MP: 4/4
    29 | D:1      | Reached skill level 1 in Armour
   195 | D:1      | Reached XP level 2. HP: 19/19 MP: 0/6
   202 | D:1      | Learned a level 2 spell: Shroud of Golubria
  1025 | D:2      | Reached XP level 3. HP: 10/25 MP: 1/7
  1525 | D:2      | Found a shimmering altar of Xom.
  1533 | D:2      | Noticed an angel
  1542 | D:2      | Found a glowing silver altar of Zin.
  1890 | D:2      | Learned a level 3 spell: Regeneration
  1999 | D:3      | Found an opulent altar of Gozag.
  2011 | D:3      | Found Gozag's Platinum Reserve.
  2030 | D:3      | Found a shimmering altar of Xom.
  2051 | D:3      | Reached XP level 4. HP: 31/31 MP: 8/8
  2082 | D:3      | Found a sacrificial altar of Ru.
  2205 | D:3      | Found a deep blue altar of Sif Muna.
  2427 | D:3      | Found a blossoming altar of Fedhas.
  2814 | D:3      | Learned a level 3 spell: Confuse
  3280 | D:4      | Noticed an ogre
  3299 | D:4      | Killed an ogre
  3299 | D:4      | Reached skill level 1 in Hexes
  3299 | D:4      | Reached XP level 5. HP: 36/36 MP: 8/9
  3475 | D:4      | Found Bishi's Food Shop.
  3580 | D:4      | Found a stormy altar of Qazlal.
  3706 | D:4      | Became a worshipper of Qazlal Stormbringer
  4006 | D:5      | Entered Level 5 of the Dungeon
  4189 | D:5      | Reached XP level 6. HP: 39/43 MP: 10/10
  4515 | D:5      | You fall through a shaft for 3 floors!
  4544 | D:8      | Noticed a hog
  4544 | D:8      | Noticed a hog
  4544 | D:8      | Noticed a hog
  4544 | D:8      | Noticed a human
  4545 | D:8      | Noticed a yak
  4596 | D:7      | Killed a hog
  4596 | D:7      | Reached skill level 5 in Long Blades
  4790 | D:7      | Found a radiant altar of Vehumet.
  5085 | D:6      | Reached skill level 1 in Bows
  5085 | D:6      | Reached XP level 7. HP: 49/49 MP: 11/11
  5349 | D:6      | Reached skill level 2 in Bows
  5956 | D:5      | Reached skill level 1 in Short Blades
  5956 | D:5      | Reached skill level 3 in Bows
  5956 | D:5      | Reached skill level 1 in Invocations
  5970 | D:5      | Found a glowing golden altar of the Shining One.
  6236 | D:6      | Reached XP level 8. HP: 44/54 MP: 12/12
  6465 | D:6      | Found a bloodstained altar of Trog.
  6480 | D:6      | Reached skill level 4 in Bows
  6898 | D:7      | Reached skill level 5 in Armour
  7027 | D:7      | Found a staircase to the Ecumenical Temple.
  7195 | D:7      | Reached skill level 5 in Bows
  7487 | D:8      | Reached * piety under Qazlal
  7779 | D:8      | Noticed a hippogriff
  7790 | D:8      | Killed a hippogriff
  7790 | D:8      | Reached skill level 6 in Bows
  7790 | D:8      | Reached XP level 9. HP: 43/59 MP: 11/13
  7878 | D:8      | Reached skill level 5 in Invocations
  7954 | D:8      | Found a snail-covered altar of Cheibriados.
  8166 | D:8      | Reached skill level 7 in Bows
  8617 | D:8      | Reached skill level 8 in Bows
  9237 | D:9      | Reached ** piety under Qazlal
  9376 | D:9      | Reached skill level 5 in Fighting
  9455 | D:9      | Found a staircase to the Lair.
  9617 | D:9      | Reached XP level 10. HP: 61/66 MP: 16/16
  9675 | D:9      | Found a shadowy altar of Dithmenos.
  9978 | D:9      | Slain by an orc

Vault maps used:
D:1:      roderic_crossed_star
D:2:      grunt_temple_overflow_order_and_chaos_1, first_bread,
          minmay_rat_gold_closets
D:3:      nicolae_gozag_zags_fifth_avenue, nicolae_overflow_crystal_walls,
          nicolae_ru_sacrificial_ziggurat, fedhas_altar_fruit_tree,
          brannock_xom_greatest_gift
D:4:      nicolae_qazlal_eye_of_the_storm, serial_shops,
          nicolae_shop_behind_doors
D:5:      nicolae_tso_carved_into_rock
D:6:      minmay_flawed_box, trog_ov_bears_minmay
D:7:      kennysheep_mini_moat, serial_park_tiny_2
D:8:      cheibriados_altar_1, grunt_ministairs_14, grunt_livestock,
          grunt_decor_arrowhead
D:9:      grunt_dithmenos_smoke_and_mirrors, minmay_lair_entry_lava

Skill      XL: |  1  2  3  4  5  6  7  8  9 10 |
---------------+-------------------------------+-----
Armour         | 1 2 3 4 6 7 |  7.0
Long Blades    | 3 4 5 6 7 |  7.0
Fighting       | 3 4 5 |  5.4
Hexes          | 1 2 |  2.4
Bows           | 1 3 6 8 |  8.8
Short Blades   | 1 |  1.2
Invocations    | 1 4 6 |  6.9
Dodging        | |  1.1
Spellcasting   | |  2.8
Charms         | |  3.6

Action                   |  1- 3 |  4- 6 |  7- 9 | 10-12 || total
-------------------------+-------+-------+-------+-------++-------
Melee: Falchion          |    91 |       |       |       ||    91
       Short sword       |    12 |   109 |   679 |    26 ||   826
 Cast: Infusion          |     5 |     5 |    26 |     1 ||    37
       Shroud of Golubri |     3 |     2 |    14 |     2 ||    21
  Use: Scroll            |       |     6 |     1 |       ||     7
       Potion            |       |     1 |       |       ||     1
 Stab: Sleeping          |     2 |       |       |       ||     2
  Eat: Chunk             |     4 |     7 |    16 |     2 ||    29
       Fruit             |       |     2 |       |       ||     2
       Royal jelly       |       |     1 |       |       ||     1
Armor: Leather armour    |    27 |     9 |       |       ||    36
       Ring mail         |       |    43 |   345 |    17 ||   405
Dodge: Dodged            |    65 |    70 |   385 |    15 ||   535
Block: Other             |       |       |    19 |     4 ||    23
       Rpst.: Falchion   |    19 |       |       |       ||    19
